 Dungeon Sprint DCSS version 0.30-a0-364-gf6b3ef1049 (webtiles) character file.

Game seed: 10186126689532717300

30 opdollar the Vexing (level 3, 0/23 HPs)
             Began as an Octopode Hexslinger on Nov 14, 2022.
             Was a Follower of Qazlal.
             Slain by a polar bear (3 damage)
             ... in the Dungeon (Sprint V: "Ziggurat Sprint").
             The game lasted 00:20:55 (265 turns).

opdollar the Vexing (Octopode Hexslinger)            Turns: 265, Time: 00:20:55

Health: 0/23       AC:  1    Str: 21    XL:     3   Next: 20%
Magic:  4/4        EV: 15    Int: 27    God:    Qazlal [*.....]
Gold:   0          SH:  1    Dex: 26    Spells: 3/4 levels left

rFire   . . .      SeeInvis +    C - +9 heavy crossbow "Sniper" {vorpal, Acc+∞ SInv}
rCold   . . .      Faith    .    (shield currently unavailable)
rNeg    . . .      Spirit   .    (helmet restricted)
rPois   .          Reflect  .    (no amulet)
rElec   .          Harm     .    u - ring of flight
rCorr   .          Rampage  .    v - +6 ring of dexterity
Will    .....      NoTele   +    w - +6 ring of dexterity
Stlth   +++.......               x - +6 ring of intelligence
HPRegen 0.23/turn                y - +6 ring of intelligence
MPRegen 0.09/turn                z - +6 ring of strength
                                 A - +6 ring of strength
                                 (no ring)

@: flying
A: almost no armour, amphibious, 8 rings, camouflage 1, gelatinous body 1,
(nimble swimmer 1), tentacles
a: Renounce Religion


You were in the Dungeon.
You worshipped Qazlal.
Qazlal was aware of your devotion.
You visited 1 branch

Inventory:

Hand Weapons
 a - a +1 sling
 C - the +9 heavy crossbow "Sniper" (weapon) {vorpal, Acc+∞ SInv}
   (You found it in the Dungeon)

   Any ammunition fired from it inflicts extra damage upon your enemies.
   Any ammunition fired from it never misses its target.
   SInv:      It lets you see invisible.
 D - the +8 storm bow {elec, penet}
   (You found it in the Dungeon)

   Any ammunition fired from it occasionally discharges a powerful burst of
   electricity upon striking a foe.
   Any ammunition fired by it passes through the targets it hits, potentially
   hitting all targets in its path until it reaches maximum range.
 E - the +8 lance "Wyrmbane" {slay drac, rPois rF+ rC+ AC+3}
   (You found it in the Dungeon)

   It inflicts extra damage against dragons and draconians.
   AC:        It affects your AC (+3).
   rF:        It protects you from fire.
   rC:        It protects you from cold.
   rPois:     It protects you from poison.
 F - the +11 plutonium sword {Contam Stlth-}
   (You found it in the Dungeon)

   It occasionally inflicts wild transmutation effects on those it strikes,
   inflicting malmutation or extra damage, or polymorphing them into a new form.
   Contam:    It causes magical contamination when unequipped.
   Stlth:     It makes you less stealthy.
 H - a +5 arbalest
 I - a +5 hand crossbow
 J - a +5 triple crossbow
Armour
 B - the +18 shield of the Gong {rElec rN+ Will+ EV-5}
   (You found it in the Dungeon)

   It is deafeningly noisy when blocking attacks.
   EV:        It affects your evasion (-5).
   rElec:     It insulates you from electricity.
   rN:        It protects you from negative energy.
   Will:      It increases your willpower.
 K - a +3 tower shield
Jewellery
 u - a ring of flight (left tentacle)
 v - a +6 ring of dexterity (right tentacle)
 w - a +6 ring of dexterity (on tentacle)
 x - a +6 ring of intelligence (on tentacle)
 y - a +6 ring of intelligence (on tentacle)
 z - a +6 ring of strength (on tentacle)
 A - a +6 ring of strength (on tentacle)
Wands
 r - a wand of mindburst (7)
 s - a wand of iceblast (7)
 t - a wand of light (7)
Scrolls
 b - a scroll of poison
 h - 4 scrolls of blinking
 n - 4 scrolls of amnesia
 o - 7 scrolls of butterflies
 p - 5 scrolls of identify
 q - 2 scrolls of fear
Potions
 c - 9 potions of curing
 d - 10 potions of heal wounds
 e - 6 potions of haste
 f - 7 potions of magic
 g - 3 potions of berserk rage
 i - 2 potions of brilliance
 j - 2 potions of invisibility
 k - 4 potions of resistance
 l - a potion of experience
 m - 5 potions of might
Miscellaneous
 G - a lightning rod (4/4)
 L - a tin of tremorstones (2/2)


   Skills:
 + Level 1.0 Fighting
 + Level 3.3 Ranged Weapons
 + Level 3.0 Dodging
 + Level 1.1 Spellcasting
 + Level 5.6 Hexes


You had 3 spell levels left.
You knew the following spells:

 Your Spells              Type           Power      Damage    Failure   Level
a - Slow                  Hex            100%       N/A       1%          1

Your spell library contained the following spells:

 Spells                   Type           Power      Damage    Failure   Level
 Inner Flame              Hex/Fire       16%        N/A       10%         3
 Portal Projectile        Hex/Tloc       32%        N/A       10%         3
 Cause Fear               Hex            16%        N/A       11%         4


Dungeon Overview and Level Annotations

Branches:
Dungeon (1/1)

Altars:
Ashenzari
Cheibriados
Dithmenos
Elyvilon
Fedhas
Gozag
Hepliaklqana
Kikubaaqudgha
Makhleb
Nemelex Xobeh
Okawaru
Qazlal
Ru
Sif Muna
Trog
Uskayaw
Vehumet
Wu Jian
Xom
Yredelemnul
Zin
The Shining One
Jiyva
Lugonu

Annotations:
D 1 transporter


Innate Abilities, Weirdness & Mutations

You cannot wear most types of armour.
You are amphibious.
You can wear up to eight rings at the same time.
Your skin changes colour to match your surroundings (Stealth+).
Your rubbery body absorbs attacks. (AC +1, EV +1)
((You are camouflaged when in or above water. (Stealth+)))
You have tentacles for arms and can constrict up to eight enemies at once.


Message History

L - a tin of tremorstones (2/2)
Okay, then.
There is a transporter here.
Welcome to arena 2.
You enter the transporter and appear at another place.
An ice beast, a white imp and a polar bear come into view.
The polar bear growls angrily.
Found three items.
Found a transporter.
Fire: C) +9 heavy crossbow "Sniper" {vorpal, Acc+∞ SInv}
Press: ? - help, Shift-Dir - straight line, f - polar bear
Aim: a polar bear (100% to hit)
You shoot a bolt.
The white imp shouts, "Go and return not, thou odious tickle-brained yak-dropping!"
The bolt hits the polar bear.
The polar bear is lightly wounded.
The white imp gestures at you. The puff of frost hits you!
Fire: C) +9 heavy crossbow "Sniper" {vorpal, Acc+∞ SInv}
Press: ? - help, Shift-Dir - straight line, f - white imp, p - polar bear
Aim: a white imp (100% to hit)
You shoot a bolt. The bolt hits the white imp!
The white imp is almost dead.
The white imp gestures at you. The puff of frost misses you.
The ice beast misses you. The polar bear closely misses you.
The polar bear claws you. x2
The ice beast closely misses you. The polar bear bites you!
* * * LOW HITPOINT WARNING * * *
The polar bear misses you. The polar bear closely misses you.
You feel better. The white imp misses you. The ice beast completely misses you.
The polar bear barely misses you. The polar bear claws you. x2
Fire: C) +9 heavy crossbow "Sniper" {vorpal, Acc+∞ SInv}
Press: ? - help, Shift-Dir - straight line, f/p - white imp
Aim: a white imp (almost dead, 100% to hit)
You shoot a bolt. The bolt hits the white imp!
You kill the white imp!
Qazlal accepts your kill.
You are now surrounded by a storm.
The polar bear bites you!
* * * LOW HITPOINT WARNING * * *
The polar bear claws you.
You die...

▓▓▓▓▓▓▓▓▓▓▓▓▓
▓.8©8.▓.8©8.▓
▓.))|.▓.....▓
▓.....▓.)...▓
▓.....▓.....▓
▓.....▓.....▓
▓..Yh.▓..©..▓
▓.☼@..▓▓▓▓▓▓▓
▓▓▓▓▓▓▓


You could see a polar bear and an ice beast.

Vanquished Creatures
  A jelly (D)
  A white imp (D)
  An endoplasm (D)
3 creatures vanquished.

Notes
Turn   | Place    | Note
-------+----------+-------------------------------------------
     0 | D        | opdollar the Octopode Hexslinger began the quest for the
                  | Orb.
     0 | D        | Reached XP level 1. HP: 13/13 MP: 2/2
     0 | D        | Found a shimmering blue altar of Sif Muna.
     0 | D        | Found a sacrificial altar of Ru.
     0 | D        | Found a bloodstained altar of Trog.
     0 | D        | Found a stormy altar of Qazlal.
     0 | D        | Found an iron altar of Okawaru.
     0 | D        | Found a sparkling altar of Nemelex Xobeh.
     0 | D        | Found a blossoming altar of Fedhas.
     0 | D        | Found the +6 Majin-Bo {vamp, MP+6 Int+6}
     0 | D        | Found the +9 heavy crossbow "Sniper" {vorpal, Acc+∞ SInv}
     0 | D        | Found the +10 dark maul {vorpal}
     0 | D        | Found the +15 Maxwell's patent armour {-Cast -Tele rElec
                  | Will+ rCorr}
     0 | D        | Found the +18 shield of the Gong {rElec rN+ Will+ EV-5}
     0 | D        | Found the +14 obsidian axe {vorpal, Mesm Drain Fly SInv}
     0 | D        | Found the +7 great mace "Firestarter" {inner flame, rF++}
     0 | D        | Found the +6 shillelagh "Devastator" {shatter}
     0 | D        | Found the +11 plutonium sword {Contam Stlth-}
     0 | D        | Found the +8 lance "Wyrmbane" {slay drac, rPois rF+ rC+
                  | AC+3}
     0 | D        | Found the +9 sword of Zonguldrok {reap}
     0 | D        | Found the +13 scythe of Curses {drain, Drain}
     0 | D        | Found the +5 sword of Power {vorpal}
     0 | D        | Found the +7 mace of Variability {chain chaos}
     0 | D        | Found the +7 Singing Sword {vorpal, sonic wave}
     0 | D        | Found the +8 storm bow {elec, penet}
     2 | D        | Found a transporter.
     2 | D        | Found an ancient bone altar of Kikubaaqudgha.
     2 | D        | Found a viscous altar of Jiyva.
     2 | D        | Found a corrupted altar of Lugonu.
     2 | D        | Found a hazy altar of Hepliaklqana.
     2 | D        | Found a burning altar of Makhleb.
     2 | D        | Found an opulent altar of Gozag.
   235 | D        | Became a worshipper of Qazlal Stormbringer
   250 | D        | Entered arena 2.
   250 | D        | Noticed a jelly
   250 | D        | Found a transporter.
   251 | D        | Killed a jelly
   252 | D        | Reached skill level 5 in Hexes
   252 | D        | Reached XP level 2. HP: 18/18 MP: 3/3
   252 | D        | Reached XP level 3. HP: 23/23 MP: 4/4
   261 | D        | Entered arena 3.
   261 | D        | Noticed an ice beast
   261 | D        | Noticed a polar bear
   261 | D        | Found a transporter.
   265 | D        | Reached * piety under Qazlal
   265 | D        | Slain by a polar bear

Illustrated notes

Levels and vault maps discovered:
D:        sprint_v [room_start, room_1, room_2, room_3, room_4, room_5, room_6,
          room_7, room_8, room_9, room_10, room_11, room_12, room_13, room_14,
          room_15, room_16, room_17, room_18, room_19, room_20, room_21,
          room_22, room_23, room_24, room_25, room_26, room_27]

Skill      XL: |  1 |
---------------+----+-----
Ranged Weapons | 3 |  3.3
Dodging        | 3 |  3.0
Hexes          | 5 |  5.6
Fighting       | |  1.0
Spellcasting   | |  1.1

Action                   || total
-------------------------++-------
 Fire: Heavy crossbow    ||     5
  Use: Potion            ||     1
Dodge: Dodged            ||     9

Table legend: (Time is in decaauts)
 A = Elapsed time spent in this place.
 B = Non-inter-level travel time spent in this place.
 C = Inter-level travel time spent in this place.
 D = Time resting spent in this place.
 E = Time spent auto-exploring this place.
 F = Levels seen in this place.
 G = Mean time per level.
                   A        B        C        D        E       F      G
               +--------+--------+--------+--------+--------+-----+--------+
         Total |    266 |     38 |    228 |      0 |      0 |   1 |  266.0 |
       Dungeon |    266 |     38 |    228 |      0 |      0 |   1 |  266.0 |
               +--------+--------+--------+--------+--------+-----+--------+

Top non-repeatable levels by time:
       D: 266 daAuts
